 Dungeon Crawl Stone Soup version 0.16-a0-3425-gb4a0a08 (webtiles) character file.

22497 monstruo the Severer (level 12, 0/156 HPs)
             Began as a Minotaur Berserker on Dec 30, 2014.
             Was the Champion of Trog.
             Slain by a 13-headed hydra (4 damage)
             ... on level 2 of the Lair of Beasts on Dec 31, 2014.
             The game lasted 00:47:50 (13936 turns).

monstruo the Severer (Minotaur Berserker)          Turns: 13936, Time: 00:47:50

Health: 0/156      AC: 18    Str: 30    XL:     12   Next: 63%
Magic:  5/5        EV:  9    Int:  4    God:    Trog [******]
Gold:   1086       SH:  0    Dex: 17    Spells: 0 memorised, 11 levels left

rFire  . . .     SeeInvis .     B - +5 battleaxe (elec)
rCold  . . .     Clarity  .     r - +0 plate armour
rNeg   . . .     SustAb   .     (no shield)
rPois  .         Gourm    +     (helmet restricted)
rElec  .         Spirit   .     F - +1 cloak
rCorr  .         Warding  .     (no gloves)
rMut   .         Stasis   .     k - +0 pair of boots
MR     .....                    j - amulet of the gourmand
Stlth  ..........               (no ring)
                                H - +5 ring of dexterity

@: berserking, very quick, not resistant to hostile enchantments, extremely
unstealthy
A: retaliatory headbutt, horns 2
a: Burn Spellbooks, Berserk, Trog's Hand, Brothers in Arms, Renounce Religion


You were on level 2 of the Lair of Beasts.
You worshipped Trog.
Trog was exalted by your worship.
You were not hungry.

You visited 3 branches of the dungeon, and saw 14 of its levels.
You also visited: Ossuary.

You collected 1086 gold pieces.

Inventory:

Hand weapons
 i - a +2 hand axe
 l - a +0 whip
 B - a +5 battleaxe of electrocution (weapon)
 R - a +2 antimagic executioner's axe
Armour
 k - a +0 pair of boots (worn)
 r - a +0 plate armour (worn)
 F - a +1 cloak (worn)
 M - a +0 pair of boots
Jewellery
 j - an amulet of the gourmand (around neck)
 H - a +5 ring of dexterity (left hand)
 L - an uncursed amulet of guardian spirit
 O - an uncursed amulet of clarity
Magical devices
 n - a wand of slowing (19)
 s - a wand of fireball (2)
 u - a wand of slowing (11)
 v - a wand of fire (3)
 y - a wand of flame (8)
 C - a wand of flame (21)
 I - a wand of random effects (9)
 K - a wand of slowing (12)
Scrolls
 b - 2 scrolls of enchant weapon
 d - 7 scrolls of identify
 f - 3 scrolls of teleportation
 q - 6 scrolls of remove curse
 w - a scroll of enchant armour
 G - 2 scrolls of magic mapping
 N - a scroll of fog
Potions
 a - 4 potions of curing
 e - 3 potions of invisibility
 o - 2 potions of flight
 p - a potion of cancellation {unknown}
 t - a potion of agility
 x - a potion of heal wounds
 z - a potion of might
 A - 2 potions of lignification {unknown}
 E - a potion of brilliance
 J - 2 potions of restore abilities {unknown}
Miscellaneous
 P - a lantern of shadows
Comestibles
 c - 8 bread rations
 g - 23 fruits
 h - 10 meat rations
 m - 4 slices of pizza
 D - 3 beef jerkies


   Skills:
 + Level 9.3 Fighting
 * Level 20.3 Axes
 + Level 9.3 Armour
 - Level 2.1 Dodging


You had 11 spell levels left.
You didn't know any spells.

Dungeon Overview and Level Annotations

Branches:
Dungeon (11/15)            Temple (1/1) D:5            Lair (2/8) D:11
    Orc (0/4) D:11

Altars:
Ashenzari
Cheibriados
Dithmenos
Elyvilon
Fedhas
Gozag
Kikubaaqudgha
Makhleb
Nemelex Xobeh
Okawaru
Qazlal
Ru
Sif Muna
Trog
Vehumet
Xom
Yredelemnul
Zin
The Shining One


Innate Abilities, Weirdness & Mutations

You reflexively headbutt those who attack you in melee.
You have a pair of horns on your head.


Message History

The 13-headed hydra is severely wounded.
You are too berserk!
You barely miss the 13-headed hydra.
The 13-headed hydra is severely wounded.
You slash the hound!
You kill the hound!
Trog accepts your kill. The 13-headed hydra closely misses you.
You furiously retaliate!
You headbutt the 13-headed hydra!
The 13-headed hydra completely misses you.
The 13-headed hydra bites you but does no damage.
The 13-headed hydra barely misses you.
The 13-headed hydra bites you but does no damage. x2
The 13-headed hydra closely misses you.
The 13-headed hydra bites you but does no damage.
The 13-headed hydra bites you.
* * * LOW HITPOINT WARNING * * *
The 13-headed hydra bites you but does no damage.
The 13-headed hydra bites you.
You die...

...............#...........#
............##..+.........P#
.........#######..........##
.#.##.#### ###.#'##..#####
..##.## #.###..#### #.#
..#.## #.##.#'######.## #...#
#..............# ###.####
#.........<...##
##'##.#######..@D.........##
##........#PPP..............#
#P......#..................##
.P.........#...............#
.+.......#####.............#
#.......## #.............^#
##.##.+.# #....[.........##
####..## ##.###+.#.P.#...#
#P...# ### #..#########


You could see a 13-headed hydra.

Vanquished Creatures
  Harold (Lair:1)
  2 hydras
  The ghost of MarvinPA the Martial Artist, a powerful OpTm of Ru (D:11)
  Erica (D:10)
  A tengu warrior (D:11)
  Nergalle (D:10)
  Pikel (D:5)
  An oklob plant (D:11)
  4 hill giants
  A black mamba (Lair:2)
  Joseph (D:8)
  5 spiny frogs
  A komodo dragon (Lair:1)
  A troll (D:10)
  A tengu conjurer (D:11)
  A two-headed ogre (D:11)
  5 blink frogs (Lair:2)
  A trapdoor spider zombie (D:11)
  A basilisk (Lair:2)
  2 boulder beetles
  2 ravens (D:11)
  Eustachio (D:8)
  16 yaks
  4 hippogriffs
  2 hungry ghosts
  2 water moccasins (Lair:2)
  5 porcupines
  2 sky beasts
  3 phantoms
  9 orc warriors
  A yellow wasp (D:9)
  5 ogres
  A black bear (Lair:2)
  3 slaves (D:5)
  6 crocodiles
  2 centaurs (D:6)
  4 big kobolds (D:8)
  A gnoll sergeant (D:9)
  A wyvern zombie (D:9)
  11 giant frogs
  2 scorpions
  10 killer bees
  An electric eel (Lair:2)
  11 wights
  2 jellies
  7 crimson imps
  2 centaur zombies
  A goliath beetle (D:9)
  6 orc priests
  A giant frog skeleton (D:6)
  2 giant frog zombies
  A centaur skeleton (D:8)
  8 orc wizards
  14 hounds
  3 iguanas
  2 iron imps (D:8)
  6 worker ants
  2 sheep (D:8)
  Ijyb (D:3)
  3 big kobold zombies (Ossuary)
  2 mummies (Ossuary)
  2 hound skeletons
  9 gnolls
  9 adders
  6 river rats (Lair:2)
  6 worms
  3 adder skeletons
  3 giant geckos
  An ooze (D:7)
  66 orcs
  5 ball pythons
  17 bats
  3 giant cockroaches (D:2)
  3 gnoll zombies (Ossuary)
  15 hobgoblins
  15 jackals
  8 quokkas
  A giant gecko skeleton (D:4)
  4 giant newts
  14 goblins
  A goblin zombie (Ossuary)
  4 hobgoblin zombies (Ossuary)
  21 kobolds
  3 orc zombies (Ossuary)
  A quokka skeleton (D:6)
  A quokka zombie (D:8)
  12 rats
  A rat zombie (D:8)
  A butterfly (Lair:1)
  2 fungi (Lair:2)
  3 plants
441 creatures vanquished.

Vanquished Creatures (others)
  A centaur (D:5)
  A hound skeleton (D:5)
  A goblin (D:5)
  A fungus (Lair:2)
  2 plants (Lair:2)
6 creatures vanquished.

Grand Total: 447 creatures vanquished

Notes
Turn   | Place    | Note
--------------------------------------------------------------
     0 | D:1      | monstruo, the Minotaur Berserker, began the quest for the Orb.
     0 | D:1      | Reached XP level 1. HP: 19/19 MP: 1/1
   128 | D:1      | Reached skill level 4 in Axes
   213 | D:1      | Reached XP level 2. HP: 20/26 MP: 1/1
   299 | D:1      | Acquired Trog's second power
   734 | D:2      | Reached skill level 5 in Axes
   734 | D:2      | Reached XP level 3. HP: 26/31 MP: 2/2
  1029 | D:2      | Found an iron altar of Okawaru.
  1096 | D:2      | Found a blossoming altar of Fedhas.
  1106 | D:2      | Reached XP level 4. HP: 39/39 MP: 2/2
  1180 | D:2      | Reached skill level 6 in Axes
  1297 | D:2      | Found a glowing golden altar of the Shining One.
  1297 | D:2      | Found a blossoming altar of Fedhas.
  1687 | D:3      | Noticed Ijyb
  1706 | D:3      | Killed Ijyb
  1896 | D:3      | Reached skill level 7 in Axes
  1896 | D:3      | Reached XP level 5. HP: 43/45 MP: 2/2
  1954 | D:3      | Noticed a hippogriff
  1966 | D:3      | Killed a hippogriff
  1966 | D:3      | Reached skill level 8 in Axes
  1966 | D:3      | Reached XP level 6. HP: 51/51 MP: 3/3
  2149 | D:3      | Acquired Trog's third power
  2480 | D:4      | Reached skill level 9 in Axes
  2487 | D:4      | Found a glowing silver altar of Zin.
  2692 | D:4      | Reached XP level 7. HP: 27/57 MP: 3/3
  3154 | D:4      | Reached skill level 10 in Axes
  3894 | D:5      | Entered Level 5 of the Dungeon
  3900 | D:5      | Noticed Pikel
  3916 | D:5      | Killed Pikel
  3916 | D:5      | Reached skill level 12 in Axes
  3916 | D:5      | Reached XP level 8. HP: 44/64 MP: 3/3
  4203 | D:5      | Found an iron altar of Okawaru.
  4226 | D:5      | Found a staircase to the Ecumenical Temple.
  4703 | D:5      | Reached skill level 13 in Axes
  5433 | Temple   | Entered the Ecumenical Temple
  6155 | D:6      | Reached XP level 9. HP: 48/70 MP: 4/4
  6240 | D:6      | Reached skill level 14 in Axes
  7237 | D:7      | Reached skill level 15 in Axes
  7700 | D:7      | Found a shadowy altar of Dithmenos.
  7748 | D:7      | Found a bloodstained altar of Trog.
  8048 | D:8      | Reached skill level 16 in Axes
  8117 | D:8      | Received a gift from Trog
  8129 | D:8      | Found a sand-covered staircase.
  8136 | Ossuary  | Entered an ossuary
  8358 | D:8      | Noticed Joseph
  8359 | D:8      | Found a white marble altar of Elyvilon.
  8360 | D:8      | Noticed Eustachio
  8369 | D:8      | Killed Joseph
  8369 | D:8      | Reached XP level 10. HP: 52/77 MP: 4/4
  8384 | D:8      | Killed Eustachio
  8750 | D:8      | Reached skill level 17 in Axes
  8782 | D:8      | Noticed a three-headed hydra
  8790 | D:8      | Killed an eight-headed hydra
  9404 | D:9      | Noticed a hill giant
  9413 | D:9      | Killed a hill giant
  9540 | D:9      | Found a shimmering altar of Xom.
  9546 | D:9      | Reached skill level 18 in Axes
  9642 | D:9      | Received a gift from Trog
 10065 | D:10     | Entered Level 10 of the Dungeon
 10091 | D:10     | Received a gift from Trog
 10155 | D:10     | Noticed Nergalle
 10165 | D:10     | Killed Nergalle
 10165 | D:10     | Reached skill level 5 in Fighting
 10165 | D:10     | Reached XP level 11. HP: 73/86 MP: 4/4
 10223 | D:10     | Noticed a hill giant
 10228 | D:10     | Killed a hill giant
 10448 | D:10     | Noticed Erica
 10452 | D:10     | Killed Erica
 10452 | D:10     | Reached skill level 5 in Armour
 10484 | D:10     | Found an opulent altar of Gozag.
 10591 | D:10     | Noticed a hill giant
 10599 | D:10     | Killed a hill giant
 10682 | D:11     | Found a staircase to the Lair.
 10833 | D:11     | Found a staircase to the Orcish Mines.
 11077 | D:11     | Noticed a tengu warrior
 11083 | D:11     | Killed a tengu warrior
 11311 | D:11     | Noticed MarvinPA's ghost (powerful OpTm)
 11324 | D:11     | Killed MarvinPA's ghost
 11324 | D:11     | Reached skill level 19 in Axes
 11488 | D:11     | Noticed a hill giant
 11494 | D:11     | Killed a hill giant
 11532 | Lair:1   | Entered Level 1 of the Lair of Beasts
 11549 | Lair:1   | Upgraded the game from 0.16-a0-3394-g83d1dde to 0.16-a0-3425-gb4a0a08
 11716 | Lair:1   | Received a gift from Trog
 11782 | Lair:1   | Noticed Harold
 11801 | Lair:1   | Killed Harold
 11801 | Lair:1   | Reached XP level 12. HP: 73/101 MP: 5/5
 12641 | Lair:2   | Reached skill level 20 in Axes
 12824 | Lair:2   | Noticed a six-headed hydra
 12828 | Lair:2   | Killed a nine-headed hydra
 13467 | Lair:2   | Received a gift from Trog
 13924 | Lair:2   | Noticed an eight-headed hydra
 13936 | Lair:2   | HP: 4/156 [13-headed hydra (5)]
 13936 | Lair:2   | Slain by a 13-headed hydra

Action                   |  1- 3 |  4- 6 |  7- 9 | 10-12 || total
-------------------------+-------+-------+-------+-------++-------
Melee: Hand axe          |    87 |   174 |   434 |       ||   695
       Battleaxe         |       |       |    33 |   463 ||   496
Invok: Berserk           |       |     1 |     5 |     2 ||     8
       Burn Spellbooks   |       |       |     1 |     2 ||     3
Evoke: Wand              |       |       |       |     5 ||     5
  Use: Scroll            |       |       |     9 |     7 ||    16
       Potion            |       |       |     7 |       ||     7
  Eat: Chunk             |       |     7 |    25 |    12 ||    44
       Pizza             |       |       |     2 |     3 ||     5
       Beef jerky        |       |       |     1 |     1 ||     2
